 Dungeon Crawl Stone Soup version 0.22.1-2-g9c5b331 (webtiles) character file.

19091 diana the Cleaver (level 12, -9/165 HPs)
             Began as a Minotaur Fighter on Dec 1, 2018.
             Was a High Priest of Trog.
             Shot with an arrow by a centaur (13 damage)
             ... on level 12 of the Dungeon.
             The game lasted 00:21:53 (11736 turns).

diana the Cleaver (Minotaur Fighter)               Turns: 11736, Time: 00:21:54

Health: -9/165     AC: 17    Str: 29    XL:     12   Next: 33%
Magic:  0/20       EV: 12    Int:  5    God:    Trog [*****.]
Gold:   969        SH:  0    Dex: 12    Spells: 11/11 levels left

rFire    . . .     SeeInvis .   i - +0 battleaxe
rCold    + . .     Gourm    .   (shield currently unavailable)
rNeg     . . .     Faith    .   D - +0 plate armour
rPois    .         Spirit   +   (helmet restricted)
rElec    .         Reflect  .   Q - +1 cloak
rCorr    .         Harm     .   (no gloves)
MR       .....                  (no boots)
Stlth    ..........             t - amulet of guardian spirit
HPRegen  0.37/turn              I - ring of protection from cold
MPRegen  0.17/turn              F - ring of magical power

@: berserking, very quick
A: retaliatory headbutt, horns 2
a: Berserk, Trog's Hand, Brothers in Arms, Renounce Religion


You were on level 12 of the Dungeon.
You worshipped Trog.
Trog was extremely pleased with you.
You were hungry.

You visited 2 branches of the dungeon, and saw 13 of its levels.
You also visited: Sewer.

You collected 969 gold pieces.

Inventory:

Hand Weapons
 i - a +0 battleaxe (weapon)
 m - a +2 hand axe of electrocution
 P - a +0 war axe
Missiles
 M - a throwing net (quivered)
Armour
 b - a +0 scale mail
 c - a +0 shield
 u - a +2 leather armour of positive energy
 B - a +0 large shield
 D - a +0 plate armour (worn)
 Q - a +1 cloak (worn)
Jewellery
 t - an amulet of guardian spirit (around neck)
 F - a ring of magical power (right hand)
 I - a ring of protection from cold (left hand)
 U - a cursed ring of attention {unknown}
 V - an uncursed ring of ice
 X - an uncursed ring of wizardry {unknown}
Wands
 q - a wand of polymorph (7)
 v - a wand of iceblast (5)
 y - a wand of clouds (9)
 H - a wand of random effects (16)
 J - a wand of paralysis (12)
 L - a wand of flame (101)
 S - a wand of scattershot (4)
Scrolls
 g - a scroll of immolation {unknown}
 j - 7 scrolls of remove curse
 k - 15 scrolls of teleportation
 l - 3 scrolls of amnesia
 n - 4 scrolls of magic mapping {unknown}
 o - 4 scrolls of identify
 p - 4 scrolls of fog
 r - 2 scrolls of fear {unknown}
 x - 2 scrolls of blinking {unknown}
 z - a scroll of random uselessness {unknown}
 K - 3 scrolls of noise {unknown}
 O - 3 scrolls of enchant armour {unknown}
 R - 2 scrolls of enchant weapon {unknown}
 T - 2 scrolls of silence {unknown}
Potions
 a - 4 potions of berserk rage
 d - 2 potions of might
 e - a potion of brilliance
 h - a potion of magic {unknown}
 s - 3 potions of flight {unknown}
 w - 2 potions of lignification
 A - 3 potions of degeneration
 C - 3 potions of haste
 E - 6 potions of curing {unknown}
 G - a potion of mutation {unknown}
 N - 2 potions of ambrosia {unknown}
Comestibles
 f - 14 rations


   Skills:
 + Level 11.2 Fighting
 * Level 14.6 Axes
 + Level 11.1 Armour
 + Level 9.6 Dodging
 - Level 7.5 Shields


You had 11 spell levels left.
You didn't know any spells.
Your spell library was empty.

Dungeon Overview and Level Annotations

Branches:
Dungeon (12/15)            Temple (1/1) D:7            Lair (0/6) D:8
    Orc (0/2) D:11

Altars:
Ashenzari
Cheibriados
Dithmenos
Elyvilon
Fedhas
Gozag
Hepliaklqana
Kikubaaqudgha
Makhleb
Nemelex Xobeh
Okawaru
Qazlal
Ru
Sif Muna
Trog
Uskayaw
Vehumet
Wu Jian
Xom
Yredelemnul
Zin
The Shining One

Shops:
D:4 :   D:5 %


Innate Abilities, Weirdness & Mutations

You reflexively headbutt those who attack you in melee.
You have a pair of horns on your head.


Message History

The black bear bites you. The black bear barely misses you. x2
You closely miss the black bear. You headbutt the black bear!
The black bear is heavily wounded.
The black bear closely misses you.
The black bear claws you but does no damage.
The black bear barely misses you.
You slice the black bear!!
You kill the black bear!
Trog accepts your kill.
Trog will gift you weapons as you gain piety.
The centaur shoots an arrow.
The arrow hits you!
* * * LOW HITPOINT WARNING * * *
The centaur shoots an arrow.
The arrow hits you!
* * * LOW HITPOINT WARNING * * *
Okay, then.
A red film seems to cover your vision as you go berserk!
You feel yourself moving faster!
You feel mighty!
You are feeling hungry.
The centaur shoots an arrow.
The arrow hits you!
You die...

#.......###....#
#....#......
#.#..<.........#
#....#...... #
###...c##....####....#......
'......)..............(...
#......)##.........###.#..
#......#c####...#### #.#..
#......##(..#####. ##.#††
#...... #......... #..#..
#####.. #@.#.....# #.....
#.. ##..#####. #..... #..
#..# #...... #.. #..#
#...### #..# #..# #..# ##.
..#. #. ...


You could see a centaur.

Vanquished Creatures
  A hydra (D:12)
  Erica (D:8)
  A catoblepas (D:12)
  A two-headed ogre (D:12)
  Pikel (D:8)
  An ugly thing (D:8)
  Maurice (D:8)
  2 centaur zombies (D:12)
  2 gargoyles
  4 trolls
  2 slime creatures (D:12)
  3 hippogriffs
  2 wyverns
  A shadow (D:12)
  24 yaks
  3 hungry ghosts
  Menkaure (D:6)
  3 water moccasins
  3 porcupines (D:8)
  5 orc warriors
  An ice beast (D:8)
  A sky beast (D:12)
  6 black bears
  3 phantoms
  11 ogres
  4 slaves (D:8)
  5 centaurs
  4 big kobolds
  Blork the orc (D:6)
  A wyvern zombie (D:7)
  12 bullfrogs
  3 scorpions
  6 killer bees
  7 wights
  3 howler monkeys
  5 crimson imps
  4 bullfrog zombies
  4 hounds
  A quasit (D:7)
  5 jellies
  A bullfrog skeleton (D:11)
  4 centaur skeletons
  Crazy Yiuf (D:7)
  6 orc priests
  9 iguanas
  9 worker ants
  11 orc wizards
  2 killer bee zombies (D:7)
  A hound zombie (D:6)
  A hound skeleton (D:4)
  12 adders
  A shadow imp (D:12)
  18 oozes
  A worm (D:6)
  A dart slug (D:1)
  16 leopard geckos
  36 orcs
  13 ball pythons
  20 giant cockroaches
  2 gnoll zombies (D:7)
  3 goblins
  6 hobgoblins
  4 jackals
  3 quokkas
  A ball python skeleton (D:4)
  9 bats
  16 frilled lizards
  24 kobolds
  A leopard gecko skeleton (D:8)
  4 rats
  2 fungi (D:8)
  2 plants (D:6)
389 creatures vanquished.

Vanquished Creatures (others)
  A fungus (D:8)
  2 plants (D:8)
3 creatures vanquished.

Grand Total: 392 creatures vanquished

Notes
Turn   | Place    | Note
-------+----------+-------------------------------------------
     0 | D:1      | diana the Minotaur Fighter began the quest for the Orb.
     0 | D:1      | Reached XP level 1. HP: 19/19 MP: 0/0
   220 | D:1      | Reached XP level 2. HP: 27/27 MP: 1/1
   224 | D:1      | Found a shattered altar of Ashenzari.
   716 | D:2      | Reached skill level 3 in Axes
   912 | D:2      | Reached XP level 3. HP: 33/33 MP: 2/2
   939 | D:2      | Found an ancient bone altar of Kikubaaqudgha.
  1268 | D:2      | Reached skill level 1 in Dodging
  1714 | D:3      | You fall through a shaft for 2 floors!
  1714 | D:5      | Entered Level 5 of the Dungeon
  1714 | D:5      | Found a stormy altar of Qazlal.
  1731 | D:5      | Reached XP level 4. HP: 30/40 MP: 3/3
  1742 | D:5      | Reached skill level 4 in Axes
  1883 | D:5      | Found Gael's Food Boutique.
  1974 | D:5      | Reached XP level 5. HP: 47/47 MP: 4/4
  2283 | D:4      | Found Seczuuc's Book Shop.
  2301 | D:4      | Reached XP level 6. HP: 53/53 MP: 5/5
  2309 | D:4      | Reached skill level 5 in Axes
  2397 | D:4      | Found a glowing drain.
  2414 | Sewer    | Entered a sewer
  2608 | Sewer    | Reached skill level 5 in Fighting
  2639 | Sewer    | Reached skill level 5 in Shields
  2649 | Sewer    | Reached skill level 5 in Armour
  2651 | Sewer    | Reached XP level 7. HP: 52/61 MP: 6/6
  2990 | D:3      | Found a hide-covered altar of Uskayaw.
  3223 | D:3      | Reached skill level 6 in Axes
  3225 | D:3      | Found a glowing golden altar of the Shining One.
  3464 | D:3      | Found a shadowy altar of Dithmenos.
  3464 | D:3      | Found a glowing silver altar of Zin.
  3471 | D:3      | Found a snail-covered altar of Cheibriados.
  3538 | D:3      | Found a sparkling altar of Nemelex Xobeh.
  4735 | D:6      | Noticed Blork the orc
  4745 | D:6      | Killed Blork the orc
  4745 | D:6      | Reached XP level 8. HP: 68/70 MP: 7/7
  4772 | D:6      | Noticed Menkaure
  4780 | D:6      | Reached skill level 7 in Axes
  4785 | D:6      | Killed Menkaure
  5415 | D:7      | Reached skill level 8 in Axes
  5655 | D:7      | Noticed a hippogriff
  5666 | D:7      | Killed a hippogriff
  5666 | D:7      | Reached XP level 9. HP: 60/78 MP: 8/8
  5776 | D:7      | Reached skill level 5 in Dodging
  5790 | D:7      | Found a staircase to the Ecumenical Temple.
  5806 | Temple   | Entered the Ecumenical Temple
  5878 | Temple   | Became a worshipper of Trog the Wrathful
  6170 | D:7      | Reached skill level 9 in Axes
  6325 | D:7      | Found an opulent altar of Gozag.
  6331 | D:7      | Found a sacrificial altar of Ru.
  6334 | D:7      | Found a burning altar of Makhleb.
  6418 | D:7      | Found a runed door.
  6473 | D:7      | Found a basalt altar of Yredelemnul.
  6550 | D:7      | Noticed Crazy Yiuf
  6556 | D:7      | Killed Crazy Yiuf
  6678 | D:8      | Found a hazy altar of Hepliaklqana.
  6714 | D:8      | Noticed Erica
  6729 | D:8      | Killed Erica
  6729 | D:8      | Reached skill level 10 in Axes
  6731 | D:8      | Reached XP level 10. HP: 36/88 MP: 9/9
  6734 | D:8      | Reached * piety under Trog
  6736 | D:8      | Noticed Maurice
  6747 | D:8      | Killed Maurice
  7284 | D:8      | Found a white marble altar of Elyvilon.
  7345 | D:8      | Reached skill level 11 in Axes
  7426 | D:8      | Noticed a purple ugly thing
  7434 | D:8      | Killed a purple ugly thing
  7564 | D:8      | Noticed Pikel
  7583 | D:8      | Killed Pikel
  7612 | D:8      | Found a staircase to the Lair.
  7675 | D:8      | Reached ** piety under Trog
  7675 | D:8      | Reached skill level 12 in Axes
  8207 | D:9      | Reached XP level 11. HP: 93/97 MP: 10/10
  9147 | D:10     | Entered Level 10 of the Dungeon
  9891 | D:11     | Reached skill level 10 in Armour
  9931 | D:11     | Reached *** piety under Trog
  9931 | D:11     | Reached skill level 10 in Fighting
 10043 | D:11     | Reached skill level 13 in Axes
 10468 | D:11     | Found a staircase to the Orcish Mines.
 10897 | D:12     | Reached **** piety under Trog
 11108 | D:12     | Noticed a two-headed ogre
 11175 | D:12     | Killed a two-headed ogre
 11185 | D:12     | Reached skill level 14 in Axes
 11185 | D:12     | Reached XP level 12. HP: 44/108 MP: 11/11
 11340 | D:12     | Noticed an eight-headed hydra
 11359 | D:12     | Killed an eight-headed hydra
 11614 | D:12     | Noticed a catoblepas
 11633 | D:12     | Killed a catoblepas
 11735 | D:12     | Reached ***** piety under Trog
 11735 | D:12     | HP: 2/110 [centaur/arrow (11)]
 11736 | D:12     | Shot with an arrow by a centaur

Skill      XL: |  1  2  3  4  5  6  7  8  9 10 11 12 |
---------------+-------------------------------------+-----
Axes           | 3 4 5 6 8 10 12 14 | 14.6
Fighting       | 4 5 6 8 9 10 11 | 11.2
Shields        | 4 5 6 7 |  7.5
Dodging        | 1 2 3 4 6 7 9 |  9.6
Armour         | 4 5 6 8 9 10 11 | 11.1

Action                   |  1- 3 |  4- 6 |  7- 9 | 10-12 || total
-------------------------+-------+-------+-------+-------++-------
Melee: War axe           |    99 |    39 |       |       ||   138
       Headbutt          |     9 |    24 |    57 |   108 ||   198
       Hand axe          |       |   134 |   271 |       ||   405
       Battleaxe         |       |       |    12 |   472 ||   484
Invok: Berserk           |       |       |       |     2 ||     2
       Brothers in Arms  |       |       |       |     1 ||     1
Evoke: Wand              |       |       |       |     5 ||     5
  Use: Scroll            |     1 |       |     8 |       ||     9
       Potion            |       |     3 |       |       ||     3
 Stab: Petrified         |       |       |       |     1 ||     1
  Eat: Chunk             |     1 |     2 |    12 |    17 ||    32
       Ration            |       |     1 |       |     3 ||     4
Armor: Scale mail        |    58 |    83 |    66 |       ||   207
       Plate armour      |       |       |    37 |   379 ||   416
Dodge: Dodged            |    34 |    51 |    89 |   311 ||   485
Block: Shield            |    62 |    97 |   139 |       ||   298
